 Dungeon Crawl Stone Soup version 0.19.1 (webtiles) character file.

193 tboon the Shield-Bearer (level 6, -5/50 HPs)
             Began as a Formicid Fighter on Dec 6, 2016.
             Killed from afar by an orc wizard (6 damage)
             ... with a magic dart
             ... on level 3 of the Dungeon.
             The game lasted 00:04:37 (2304 turns).

tboon the Shield-Bearer (Formicid Fighter)          Turns: 2304, Time: 00:04:38

Health: -5/50      AC:  6    Str: 25    XL:     6   Next: 2%
Magic:  6/6        EV:  8    Int:  8    God:
Gold:   132        SH: 10    Dex: 12    Spells: 0 memorised, 5 levels left

rFire  . . .     SeeInvis +     a - +0 war axe
rCold  . . .     Gourm    .     b - +0 scale mail
rNeg   . . .     Faith    .     c - +0 shield
rPois  .         Spirit   .     (helmet unavailable)
rElec  .         Reflect  .     (no cloak)
rCorr  .         Harm     .     (no gloves)
MR     .....                    (no boots)
Stlth  ..........               (no amulet)
                                (no ring)
                                (no ring)

@: mighty
A: permanent stasis, dig shafts and tunnels, four strong arms, antennae 3
a: Dig, Shaft Self


You were on level 3 of the Dungeon.
You were not hungry.

You visited 1 branch of the dungeon, and saw 3 of its levels.

You collected 132 gold pieces.

Inventory:

Hand Weapons
 a - a +0 war axe (weapon)
Armour
 b - a +0 scale mail (worn)
 c - a +0 shield (worn)
Jewellery
 l - a +2 ring of protection {unknown}
   (You found it on level 1 of the Dungeon)
Scrolls
 e - 2 scrolls of blinking {unknown}
 h - a scroll of identify {unknown}
 i - a scroll of immolation {unknown}
 j - a scroll of recharging {unknown}
 o - a scroll of remove curse {unknown}
 p - a scroll of enchant armour {unknown}
Potions
 k - 2 potions of curing {unknown}
Comestibles
 f - 4 bread rations
 g - 2 meat rations
 m - 2 beef jerkies
 n - 3 chunks of flesh


   Skills:
 + Level 4.8 Fighting
 * Level 3.8 Axes
 - Level 3.2 Armour
 + Level 4.9 Shields


You had 5 spell levels left.
You didn't know any spells.

Dungeon Overview and Level Annotations

Branches:
Dungeon (3/15)

Altars:


Innate Abilities, Weirdness & Mutations

You are under a permanent stasis effect.
You can dig through walls and to a lower floor.
Your four strong arms can wield two-handed weapons with a shield.
You have a pair of large antennae on your head. (SInv)


Message History

An orc priest comes into view. It is wielding a flail.
The orc priest shouts!
You hit the orc wizard but do no damage.
You barely miss the goblin. The goblin hits you but does no damage.
The orc priest invokes the aid of Beogh against you.
Beogh smites you!
The orc wizard gestures at you while chanting.
The magic dart hits you!
You are too injured to fight recklessly!
You are too injured to fight recklessly!
You are too injured to fight recklessly!
Unknown command.
The orc wizard looks encouraged for a moment.
You hit the goblin.
The goblin is moderately wounded.
The goblin closely misses you. You block the goblin's attack.
You closely miss the goblin.
The goblin is moderately wounded.
You block the goblin's attack.
You closely miss the goblin.
The goblin is moderately wounded.
You block the goblin's attack.
You closely miss the goblin.
The goblin is moderately wounded.
The goblin hits you with a dagger. You block the goblin's attack.
You closely miss the goblin.
The goblin is moderately wounded.
The goblin hits you but does no damage.
You slash the goblin!
You kill the goblin!
You feel very mighty all of a sudden.
The frilled lizard completely misses you.
The orc wizard mumbles some strange words.
The orc wizard seems to speed up.
You slash the frilled lizard!
You kill the frilled lizard!
The orc wizard casts a spell.
The orc wizard blinks!
The orc hits you but does no damage.
You slash the orc!
You kill the orc!
The orc hits you with a club.
You slice the orc!!
You kill the orc!
The orc wizard mumbles some strange words.
The orc wizard blinks!
The orc wizard gestures wildly while chanting.
The orc wizard seems to speed up.
The orc wizard gestures at you while chanting.
The puff of flame hits you!
The orc wizard hits you but does no damage.
Items here: ))) †† a club; a short sword; a dagger; an orc corpse; a goblin corpse You closely miss the orc wizard.
The orc wizard mumbles some strange words.
The orc wizard blinks!
The orc wizard casts a spell.
The orc wizard seems to speed up.
You slice the orc wizard!!
You kill the orc wizard!
You hit the orc wizard. The orc wizard hits you with a dagger.
You block the orc priest's attack. The orc wizard barely misses you.
You slash the orc priest!
The orc priest is heavily wounded.
You slash the orc wizard! The orc wizard casts a spell at you.
The magic dart hits you!
* * * LOW HITPOINT WARNING * * *
The orc priest invokes the aid of Beogh against you.
Pain shoots through your body!
* * * LOW HITPOINT WARNING * * *
The orc wizard casts a spell at you. The magic dart hits you!
* * * LOW HITPOINT WARNING * * *
You closely miss the orc priest.
The orc priest is heavily wounded.
You barely miss the orc wizard.
The orc wizard casts a spell.
The orc wizard blinks!
You block the orc priest's attack.
You slice the orc priest!!
You kill the orc priest!
Your shield and scale mail prevent you from hitting the orc wizard.
The orc wizard points at you and mumbles some strange words.
The magic dart hits you!
* * * LOW HITPOINT WARNING * * *
The orc wizard casts a spell.
The orc wizard blinks!
The orc wizard barely misses you. You block the orc wizard's attack.
You slash the orc wizard!
You kill the orc wizard!
You have reached level 6!
Your experience leads to an increase in your attributes!
Your base attributes are Str 20, Int 8, Dex 11.
Increase (S)trength, (I)ntelligence, or (D)exterity?
You feel agile.
The orc wizard mumbles some strange words.
Items here: )) [ † a flail; a dagger; a robe; an orc corpse The orc wizard casts a spell at you.
The magic dart hits you!
You die...

#?# .######.###
<..........
....).#...#
...>....#.# ..
........#.####...#
......o.......(#
........##.#####
......o..#.@.#
......##.###)#
...... .. #)#
...... #.##)##
...... .##o.#
......!) .###.#
.....###.###
#...).<.†#
##.####).....#


You could see an orc wizard.

Vanquished Creatures
  An orc priest (D:3)
  2 orc wizards (D:3)
  2 adders (D:2)
  2 oozes (D:2)
  A worm (D:2)
  3 dart slugs
  2 leopard geckos (D:1)
  3 orcs (D:3)
  8 bats
  2 giant cockroaches
  6 goblins
  8 hobgoblins
  5 jackals
  5 kobolds
  A quokka (D:2)
  2 ball pythons (D:2)
  7 frilled lizards
  10 rats
70 creatures vanquished.

Notes
Turn   | Place    | Note
-------+----------+-------------------------------------------
     0 | D:1      | tboon the Formicid Fighter began the quest for the Orb.
     0 | D:1      | Reached XP level 1. HP: 18/18 MP: 1/1
   121 | D:1      | Reached XP level 2. HP: 24/24 MP: 2/2
   403 | D:1      | Reached XP level 3. HP: 23/29 MP: 3/3
   756 | D:1      | Reached skill level 3 in Axes
  1240 | D:2      | Reached skill level 4 in Fighting
  1244 | D:2      | Reached XP level 4. HP: 37/37 MP: 4/4
  1275 | D:2      | Reached skill level 4 in Shields
  1751 | D:2      | You fall through a shaft!
  2257 | D:3      | Reached XP level 5. HP: 43/43 MP: 5/5
  2299 | D:3      | HP: 7/43 [orc priest/nerve-wracking pain (4)]
  2301 | D:3      | HP: 1/43 [orc wizard/magic dart (5)]
  2302 | D:3      | Reached XP level 6. HP: 1/50 MP: 6/6
  2304 | D:3      | Killed from afar by an orc wizard

Skill      XL: |  1  2  3  4 |
---------------+-------------+-----
Axes           | 3 |  3.8
Fighting       | 4 |  4.8
Shields        | 4 |  4.9
Armour         | |  3.2

Action                   |  1- 3 |  4- 6 || total
-------------------------+-------+-------++-------
Melee: War axe           |   108 |    98 ||   206
  Use: Potion            |       |     1 ||     1
  Eat: Chunk             |     1 |     4 ||     5
Armor: Scale mail        |    52 |    29 ||    81
Dodge: Dodged            |    38 |    33 ||    71
Block: Shield            |    65 |    51 ||   116

Vault maps used:
D:1:      lemuel_arrival_muddy

Table legend:
 A = Turns spent in this place as a percentage of turns spent in the entire game.
 B = Non-inter-level travel turns spent in this place as a percentage of non-inter-level travel turns spent in the entire game.
 C = Inter-level travel turns spent in this place as a percentage of turns spent in this place.
 D = Turns resting spent in this place as a percentage of non-inter-level travel turns spent in this place.
 E = Turns spent auto-exploring this place as a percentage of non-inter-level travel turns spent in this place.
 F = Non-inter-level travel turns spent in this place divided by the number of levels of this place that you've seen.
                   A       B       C       D       E      F
               +-------+-------+-------+-------+-------+----------------------
         Total | 100.0 | 100.0 |   0.4 |   1.9 |  15.4 | 177.3
       Dungeon | 100.0 | 100.0 |   0.4 |   1.9 |  15.4 | 177.3
               +-------+-------+-------+-------+-------+----------------------

Table legend:
 A = Kills in this place as a percentage of kills in entire the game.
 B = Kills by you in this place as a percentage of kills by you in the entire game.
 C = Kills by friends in this place as a percentage of kills by friends in the entire game.
 D = Other kills in this place as a percentage of other kills in the entire game.
 E = Experience gained in this place as a percentage of experience gained in the entire game.
 F = Experience gained in this place divided by the number of levels of this place that you have seen.
                   A       B       C       D       E      F
               +-------+-------+-------+-------+-------+----------------------
         Total | 100.0 | 100.0 |  -nan |  -nan | 100.0 |  92.0
       Dungeon | 100.0 | 100.0 |  -nan |  -nan | 100.0 |  92.0
               +-------+-------+-------+-------+-------+----------------------
